 Dungeon Crawl Stone Soup version 0.31-a0-640-g39d97e502b (webtiles) character file.

Game seed: 9054186100262812724

37 qw the Shooter (level 3, -1/21 HPs)
             Began as a Gargoyle Hunter on Aug 27, 2023.
             Slain by a gnoll
             ... wielding a +0 club
              (7 damage)
             ... on level 2 of the Dungeon.
             The game lasted 00:00:18 (1154 turns).

qw the Shooter (Gargoyle Hunter)                    Turns: 1154, Time: 00:00:18

Health: -1/21      AC:  6    Str: 14    XL:     3   Next: 39%
Magic:  3/3        EV: 11    Int:  9    God:
Gold:   64         SH:  0    Dex: 15    Spells: 2/2 levels left

rFire   . . .        Y - +0 shortbow (freeze)
rCold   . . .        (shield currently unavailable)
rNeg    + . .        c - +0 leather armour
rPois   inf          (no helmet)
rElec   +            (no cloak)
rCorr   .            (no gloves)
SInv    .            (no boots)
Will    .....        (no amulet)
Stlth   ++           (no ring)
HPRegen 0.23/turn    (no ring)
MPRegen 0.08/turn

%: no passive effects
@: no status effects
A: sickness immunity, AC +3, negative energy resistance 1, electricity
resistance, torment resistance 1, petrification resistance
a: no special abilities


You were on level 2 of the Dungeon.
You visited 1 branch of the dungeon, and saw 2 of its levels.

You collected 92 gold pieces.
You spent 28 gold pieces at shops.


Innate Abilities, Weirdness & Mutations

You are immune to sickness and miasma.
Your stone body is resilient. (AC +3)
You are immune to poison.
You resist negative energy. (rN+)
You are resistant to electric shocks. (rElec)
You are resistant to unholy torment.
You are immune to petrification.


   Skills:
 + Level 2.1 Fighting
 - Level 5.1 Ranged Weapons
 - Level 1.5 Dodging
 - Level 1.1 Stealth


You had 2 spell levels left.
You didn't know any spells.
Your spell library was empty.

Inventory:

Hand Weapons
 Y - a +0 shortbow of freezing (weapon)
Armour
 c - a +0 leather armour (worn)
Jewellery
 a - a ring of fire
Scrolls
 b - a scroll of poison {unknown}
 h - a scroll of identify
Potions
 e - a potion of curing {unknown}

Dungeon Overview and Level Annotations

Branches:
Dungeon (2/15)

Altars:

Shops:
D:1 ?!!


Message History

The arrow hits the bat but does no damage.
The bat closely misses you. The bat hits you but does no damage.
You shoot an arrow. The arrow closely misses the bat.
The bat barely misses you.
You shoot an arrow. The arrow barely misses the gnoll.
The arrow hits the gnoll.
The arrow freezes the gnoll.
The gnoll is moderately wounded.
The bat misses you. The gnoll hits you with a +0 club.
You shoot an arrow. The arrow barely misses the gnoll.
The arrow hits the gnoll!
The arrow freezes the gnoll.
You kill the gnoll!
The bat hits you but does no damage. The gnoll hits you with a +0 club!
The gnoll barely misses you.
Your Ranged Weapons skill increases to level 5!
You shoot an arrow.
The arrow hits the gnoll but does no damage.
The bat hits you but does no damage. The gnoll closely misses you.
You shoot an arrow. The arrow closely misses the gnoll.
The arrow barely misses the bat.
The bat hits you but does no damage. The gnoll closely misses you.
You shoot an arrow. The arrow hits the gnoll.
The arrow freezes the gnoll.
The gnoll is heavily wounded.
The bat misses you. The gnoll hits you with a +0 club.
You shoot an arrow. The arrow completely misses the gnoll.
The bat misses you. The gnoll closely misses you. x2
You shoot an arrow. The arrow barely misses the gnoll.
The arrow hits the bat.
The arrow freezes the bat.
The bat is severely wounded.
The bat closely misses you. The gnoll barely misses you.
You shoot an arrow. The arrow hits the gnoll.
The arrow freezes the gnoll.
The gnoll is severely wounded.
The bat barely misses you. The gnoll barely misses you.
You shoot an arrow. The arrow barely misses the gnoll.
The bat hits you. The bat hits you but does no damage.
The gnoll hits you with a +0 club.
You shoot an arrow.
The arrow hits the gnoll but does no damage.
The gnoll is severely wounded.
The bat hits you but does no damage. The gnoll hits you with a +0 club!
You die...

..#. ...### ....
##...... .(...
#......# ....##
#......# #....
#......#
#...b##......#
.##.....#......#
...)..g@.......###
.. ..##...#.........
.. . ######......##
#. ..
>...####........##.
..
...........#.##.##..
..
....###....%.....#..
.. . ####...##....
#####.##.#..##.#
###.....)<[##..#..


You could see a gnoll and a bat.

Vanquished Creatures
  A gnoll (D:2)
  2 dart slugs (D:1)
  2 ball pythons (D:1)
  3 bats
  An endoplasm (D:1)
  A giant cockroach (D:1)
  2 goblins (D:2)
  5 kobolds
  A quokka (D:1)
  3 rats (D:1)
21 creatures vanquished.

Notes
Turn   | Place    | Note
-------+----------+-------------------------------------------
     0 | D:1      | qw the Gargoyle Hunter began the quest for the Orb.
     0 | D:1      | Reached XP level 1. HP: 12/12 MP: 1/1
     0 | D:1      | 0 ||| qw: Version: 0.3-a-74-g0d5e918
     0 | D:1      | 0 ||| qw: Game counter: 21
     0 | D:1      | 0 ||| qw: Melee chars always use a shield: true
     0 | D:1      | 0 ||| qw: God list: Okawaru
     0 | D:1      | 0 ||| qw: Allow faded altars: false
     0 | D:1      | 0 ||| qw: Do Orc after clearing Dungeon:15 true
     0 | D:1      | 0 ||| qw: Do second Lair branch before Depths: true
     0 | D:1      | 0 ||| qw: Lair rune preference: random
     0 | D:1      | 0 ||| qw: Goals: Normal
     0 | D:1      | 0 ||| PLANNING D:1-11
    90 | D:1      | Reached XP level 2. HP: 17/17 MP: 2/2
    91 | D:1      | Found Peghasch's Distillery.
   103 | D:1      | 103 ||| SHOPLISTING potion of enlightenment (50 gold, have
                  | 0).
   103 | D:1      | 103 ||| SHOPLISTING potion of haste (100 gold, have 0).
   103 | D:1      | 103 ||| SHOPLISTING potion of heal wounds (50 gold, have
                  | 0).
   103 | D:1      | 103 ||| SHOPLISTING potion of mutation (80 gold, have 0).
   138 | D:1      | HP: 4/17 [quokka (2)]
   214 | D:1      | Found Icwiferu's Distillery.
   222 | D:1      | 222 ||| SHOPLISTING potion of cancellation (80 gold, have
                  | 0).
   222 | D:1      | 222 ||| SHOPLISTING potion of enlightenment (50 gold, have
                  | 0).
   222 | D:1      | 222 ||| SHOPLISTING potion of haste (100 gold, have 0).
   222 | D:1      | 222 ||| SHOPLISTING potion of heal wounds (50 gold, have
                  | 0).
   222 | D:1      | 222 ||| SHOPLISTING potion of mutation (80 gold, have 0).
   373 | D:1      | 373 ||| DROPPING +4 sling.
   812 | D:1      | Found Goinong's Magic Scroll Shop.
   821 | D:1      | 821 ||| BUYING scroll of identify (28 gold).
   821 | D:1      | Bought a scroll of identify for 28 gold pieces
   821 | D:1      | 821 ||| SHOPLISTING scroll of identify (28 gold, have 4).
   821 | D:1      | 821 ||| SHOPLISTING scroll of teleportation (42 gold, have
                  | 4).
   985 | D:1      | 985 ||| READING scroll labelled PAROMA ZAG INNIU.
   986 | D:1      | 986 ||| READING scroll labelled XONAWN IRIFILUG.
   987 | D:1      | 987 ||| READING scroll labelled JIURRAOTHUI.
   988 | D:1      | 988 ||| DROPPING scroll of butterflies.
  1120 | D:2      | Reached XP level 3. HP: 21/21 MP: 3/3
  1147 | D:2      | Reached skill level 5 in Ranged Weapons
  1153 | D:2      | HP: 5/21 [gnoll/+0 club (3)]
  1154 | D:2      | Slain by a gnoll

Levels and vault maps discovered:
D:1:      dpeg_arrival_shrine, layout_loops_corners, serial_shops,
          nicolae_shop_stone, shop, nicolae_shop_statue_plus
D:2:      layout_rooms

Skill      XL: |  1  2  3 |
---------------+----------+-----
Ranged Weapons | 5 |  5.1
Fighting       | |  2.1
Dodging        | |  1.5
Stealth        | |  1.1

Action                     || total
---------------------------++-------
   Fire: Shortbow          ||    72
    Use: Scroll            ||     3
 Armour: Leather armour    ||    12
  Dodge: Dodged            ||    25

Table legend:
 A = Non-vault XP
 B = Vault XP
 C = Vault XP percentage of total XP
 D = Non-vault monster count
 E = Vault monster count
 F = Vault count percentage of total count
                 A         B        C        D         E       F
            +---------+---------+-------+---------+---------+-------
      Total |      53 |       0 |   0.0 |      21 |       0 |   0.0
            +---------+---------+-------+---------+---------+-------
        D:1 |      28 |       0 |   0.0 |      14 |       0 |   0.0
        D:2 |      25 |       0 |   0.0 |       7 |       0 |   0.0
            +---------+---------+-------+---------+---------+-------
